PIO (24 & UNDER)
JASPER COUGARS @ COLORADO COMMANDERS
05/12/2023
 
TOP OF THE 1ST
Jasper Cougars batting - Pitching for Colorado Commanders : RHP Bill Morris
Pitching: RHP Bill Morris
Batting: RHB Dave Parker 0-0: Swinging Strike
0-1: Called Strike
0-2: Strikes out looking
Batting: RHB Manuel Pérez 0-0: Called Strike
0-1: Swinging Strike
0-2: Strikes out swinging
Batting: RHB Earl Wiggins 0-0: Ball
1-0: Swinging Strike
1-1: Foul Ball, location: 2F
1-2: Foul Ball, location: 2F
1-2: Foul Ball, location: 2F
1-2: Foul Ball, location: 2F
1-2: Ball
2-2: Ball
3-2: Strikes out swinging
Top of the 1st over - 0 run(s), 0 hit(s), 0 error(s), 0 left on base; Jasper 0 - Colorado 0
BOTTOM OF THE 1ST
Colorado Commanders batting - Pitching for Jasper Cougars : LHP Millard Curtis
Pitching: LHP Millard Curtis
Batting: LHB Rafael Delgado 0-0: Foul Ball, location: 2F
0-1: Bunted foul
0-2: Strikes out looking
Batting: RHB John Riley 0-0: Fly out, F3 (Popup, 34S)
Batting: SHB António Hernández 0-0: Called Strike
0-1: Swinging Strike
0-2: Ball
1-2: SINGLE (Line Drive, 89S)
Batting: RHB Wallace Greene 0-0: Ball
1-0: Fly out, F7 (Flyball, 7D)
Bottom of the 1st over - 0 run(s), 1 hit(s), 0 error(s), 1 left on base; Jasper 0 - Colorado 0
TOP OF THE 2ND
Jasper Cougars batting - Pitching for Colorado Commanders : RHP Bill Morris
Batting: RHB Jesús Hernández 0-0: Called Strike
0-1: Ball
1-1: Ground out 6-3 (Groundball, 6)
Batting: SHB Ron Edwards 0-0: Ball
1-0: Ball
2-0: Swinging Strike
2-1: Foul Ball, location: 2F
2-2: Foul Ball, location: 2F
2-2: Foul Ball, location: 2F
2-2: Strikes out swinging
Batting: RHB Dan Hooper 0-0: Ball
1-0: Swinging Strike
1-1: Swinging Strike
1-2: SINGLE (Line Drive, 4M)
Batting: LHB Pepe Vázquez 0-0: Ball
Dan Hooper steals 2nd base
1-0: Called Strike
1-1: Called Strike
1-2: Ball
2-2: Strikes out swinging
Top of the 2nd over - 0 run(s), 1 hit(s), 0 error(s), 1 left on base; Jasper 0 - Colorado 0
BOTTOM OF THE 2ND
Colorado Commanders batting - Pitching for Jasper Cougars : LHP Millard Curtis
Batting: RHB Emílio Bruno 0-0: Foul Ball, location: 2F
0-1: Ball
1-1: Fly out, F7 (Flyball, 7D)
Batting: RHB Arnold Harmon 0-0: Swinging Strike
0-1: Ball
1-1: Ball
2-1: Ball
3-1: Called Strike
3-2: Strikes out swinging
Batting: RHB Richard Wilkins 0-0: Called Strike
0-1: Swinging Strike
0-2: Strikes out swinging
Bottom of the 2nd over - 0 run(s), 0 hit(s), 0 error(s), 0 left on base; Jasper 0 - Colorado 0
TOP OF THE 3RD
Jasper Cougars batting - Pitching for Colorado Commanders : RHP Bill Morris
Batting: RHB Juan Carlos 0-0: Called Strike
0-1: Ground out 4-3 (Groundball, 4)
Batting: RHB Greg King 0-0: Ball
1-0: Foul Ball, location: 2F
1-1: Foul Ball, location: 2F
1-2: Ball
2-2: Fly out, F8 (Flyball, 8LM)
Batting: RHB Dave Parker 0-0: Ball
1-0: Ground out 4-3 (Groundball, 4)
Top of the 3rd over - 0 run(s), 0 hit(s), 0 error(s), 0 left on base; Jasper 0 - Colorado 0
BOTTOM OF THE 3RD
Colorado Commanders batting - Pitching for Jasper Cougars : LHP Millard Curtis
Batting: RHB Xavier De La Cruz 0-0: Called Strike
0-1: Foul Ball, location: 2F
0-2: Ball
1-2: Foul Ball, location: 2F
1-2: Strikes out swinging
Batting: LHB John Nicholson 0-0: Called Strike
0-1: Ball
1-1: Ground out 4-3 (Groundball, 4)
Batting: LHB Rafael Delgado 0-0: Ground out U3 (Groundball, 3S)
Bottom of the 3rd over - 0 run(s), 0 hit(s), 0 error(s), 0 left on base; Jasper 0 - Colorado 0
TOP OF THE 4TH
Jasper Cougars batting - Pitching for Colorado Commanders : RHP Bill Morris
Batting: RHB Manuel Pérez 0-0: Ball
1-0: Foul Ball, location: 2F
1-1: Fly out, F7 (Flyball, 7M)
Batting: RHB Earl Wiggins 0-0: Ball
1-0: Swinging Strike
1-1: Ball
2-1: Ball
3-1: Foul Ball, location: 2F
3-2: Strikes out looking
Batting: RHB Jesús Hernández 0-0: Swinging Strike
0-1: Swinging Strike
0-2: Ball
1-2: Strikes out swinging
Top of the 4th over - 0 run(s), 0 hit(s), 0 error(s), 0 left on base; Jasper 0 - Colorado 0
BOTTOM OF THE 4TH
Colorado Commanders batting - Pitching for Jasper Cougars : LHP Millard Curtis
Batting: RHB John Riley 0-0: Ball
1-0: Called Strike
1-1: Ball
2-1: Foul Ball, location: 2F
2-2: Ball
3-2: Base on Balls
Batting: SHB António Hernández 0-0: Ball
1-0: Swinging Strike
1-1: Ball
2-1: Ball
3-1: Swinging Strike
3-2: SINGLE (Groundball, 4D)
John Riley to second
Runner from 2nd tries for 3rd, OUT!
Batting: RHB Wallace Greene 0-0: Ball
1-0: Ball
2-0: Foul Ball, location: 2F
2-1: DOUBLE (Line Drive, 3D)
António Hernández to third
Batting: RHB Emílio Bruno 0-0: Ball
1-0: Called Strike
1-1: Ball
2-1: Ball
3-1: Base on Balls
Batting: RHB Arnold Harmon 0-0: Called Strike
0-1: Ball
1-1: Ball
2-1: Fly out, F7 (Flyball, 8LM)
Runner from 3rd tags up, SCORES, no throw
Batting: RHB Richard Wilkins 0-0: Ground out 1-3 (Groundball, 25)
Bottom of the 4th over - 1 run(s), 2 hit(s), 0 error(s), 2 left on base; Jasper 0 - Colorado 1
TOP OF THE 5TH
Jasper Cougars batting - Pitching for Colorado Commanders : RHP Bill Morris
Batting: SHB Ron Edwards 0-0: Swinging Strike
0-1: Swinging Strike
0-2: Ball
1-2: Foul Ball, location: 2F
1-2: Strikes out swinging
Batting: RHB Dan Hooper 0-0: Swinging Strike
0-1: Called Strike
0-2: Ball
1-2: Ball
2-2: SINGLE (Line Drive, 5D)
Batting: LHB Pepe Vázquez 0-0: Ball
1-0: Ball
2-0: Ball
3-0: Base on Balls
Dan Hooper to second
Batting: RHB Juan Carlos 0-0: Called Strike
0-1: Called Strike
0-2: Foul Ball, location: 2F
0-2: Ball
1-2: Strikes out looking
Batting: RHB Greg King 0-0: Called Strike
0-1: Foul Ball, location: 2F
0-2: Ball
1-2: Strikes out swinging
Top of the 5th over - 0 run(s), 1 hit(s), 0 error(s), 2 left on base; Jasper 0 - Colorado 1
BOTTOM OF THE 5TH
Colorado Commanders batting - Pitching for Jasper Cougars : LHP Millard Curtis
Batting: RHB Xavier De La Cruz 0-0: Fly out, F8 (Flyball, 8LD)
Batting: LHB John Nicholson 0-0: Ball
1-0: Swinging Strike
1-1: Fly out, F6 (Popup, 6D)
Batting: LHB Rafael Delgado 0-0: Swinging Strike
0-1: Foul Ball, location: 2F
0-2: Ball
1-2: Foul Ball, location: 2F
1-2: Ball
2-2: Foul Ball, location: 2F
2-2: Strikes out swinging
Bottom of the 5th over - 0 run(s), 0 hit(s), 0 error(s), 0 left on base; Jasper 0 - Colorado 1
TOP OF THE 6TH
Jasper Cougars batting - Pitching for Colorado Commanders : RHP Bill Morris
Batting: RHB Dave Parker 0-0: Ball
1-0: Ball
2-0: Ball
3-0: Called Strike
3-1: Swinging Strike
3-2: Strikes out swinging
Pitching: LHP Sean Perry
Batting: RHB Manuel Pérez 0-0: Fly out, F5 (Popup, 25F)
Batting: RHB Earl Wiggins 0-0: Ball
1-0: Ground out 5-3 (Groundball, 5S)
Top of the 6th over - 0 run(s), 0 hit(s), 0 error(s), 0 left on base; Jasper 0 - Colorado 1
BOTTOM OF THE 6TH
Colorado Commanders batting - Pitching for Jasper Cougars : LHP Millard Curtis
Batting: RHB John Riley 0-0: Ball
1-0: Hit by Pitch
Batting: SHB António Hernández 0-0: Ball
1-0: Foul Ball, location: 2F
1-1: Ball
2-1: Foul Ball, location: 2F
2-2: Foul Ball, location: 2F
2-2: Grounds into double play, 5-4-3 (Groundball, 56)
Batting: RHB Wallace Greene 0-0: Called Strike
0-1: Ball
1-1: DOUBLE (Flyball, 7D)
Batting: RHB Emílio Bruno 0-0: Ground out 5-3 (Groundball, 5S)
Bottom of the 6th over - 0 run(s), 1 hit(s), 0 error(s), 1 left on base; Jasper 0 - Colorado 1
TOP OF THE 7TH
Jasper Cougars batting - Pitching for Colorado Commanders : LHP Sean Perry
Batting: RHB Jesús Hernández 0-0: Fly out, F4 (Line Drive, 4)
Batting: SHB Ron Edwards 0-0: DOUBLE (Flyball, 89M)
Batting: RHB Dan Hooper 0-0: Foul Ball, location: 2F
0-1: Foul Ball, location: 2F
0-2: Strikes out looking
Pinch Hitting: RHB Juan Vázquez 0-0: Ball
1-0: Ball
2-0: Ball
3-0: Called Strike
3-1: Base on Balls
Pinch Runner at 2nd Jon Scott:
Batting: RHB Juan Carlos 0-0: Foul Ball, location: 2F
0-1: Ball
1-1: Ball
2-1: Foul Ball, location: 2F
2-2: Foul Ball, location: 2F
2-2: Strikes out swinging
Top of the 7th over - 0 run(s), 1 hit(s), 0 error(s), 2 left on base; Jasper 0 - Colorado 1
BOTTOM OF THE 7TH
Colorado Commanders batting - Pitching for Jasper Cougars : LHP Millard Curtis
Now at 1B: Enrique Valentín
Now in LF: Jon Scott
Batting: RHB Arnold Harmon 0-0: Called Strike
0-1: Ball
1-1: Called Strike
1-2: Foul Ball, location: 2F
1-2: Ball
2-2: Foul Ball, location: 2F
2-2: Foul Ball, location: 2F
2-2: Ball
3-2: Foul Ball, location: 2F
3-2: Strikes out looking
Pitching: RHP Aaron Green
Batting: RHB Richard Wilkins 0-0: Ball
1-0: Fly out, F3 (Line Drive, 3)
Batting: RHB Xavier De La Cruz 0-0: Ball
1-0: Ground out 6-3 (Groundball, 6)
Bottom of the 7th over - 0 run(s), 0 hit(s), 0 error(s), 0 left on base; Jasper 0 - Colorado 1
TOP OF THE 8TH
Jasper Cougars batting - Pitching for Colorado Commanders : LHP Sean Perry
Pitching: LHP Jerry Beck
Now at 1B: Scott Compton
Now at 3B: Joe Haley
Batting: RHB Greg King 0-0: SINGLE (Line Drive, 78M)
Pitching: RHP Tomás Rodríguez
Batting: RHB Dave Parker 0-0: Sac Bunt - play at first, batter OUT! 5-4
Greg King to second
Batting: RHB Manuel Pérez 0-0: Ball
1-0: Ground out 5-3 (Groundball, 5)
Batting: RHB Earl Wiggins 0-0: Called Strike
0-1: Ball
1-1: Ball
2-1: Fly out, F5 (Popup, 56S)
Top of the 8th over - 0 run(s), 1 hit(s), 0 error(s), 1 left on base; Jasper 0 - Colorado 1
BOTTOM OF THE 8TH
Colorado Commanders batting - Pitching for Jasper Cougars : RHP Aaron Green
Batting: LHB John Nicholson 0-0: Called Strike
0-1: Foul Ball, location: 2F
0-2: Foul Ball, location: 2F
0-2: Ball
1-2: Strikes out looking
Batting: LHB Rafael Delgado 0-0: Ball
1-0: Ball
2-0: Ball
3-0: Called Strike
3-1: Base on Balls
Pinch Hitting: RHB Keith Jones 0-0: Called Strike
0-1: Ball
1-1: Ball
Rafael Delgado is caught stealing 2nd base
2-1: Fly out, F3 (Popup, 3F)
Bottom of the 8th over - 0 run(s), 0 hit(s), 0 error(s), 0 left on base; Jasper 0 - Colorado 1
TOP OF THE 9TH
Jasper Cougars batting - Pitching for Colorado Commanders : RHP Tomás Rodríguez
Pitching: RHP Jonathan Long
Now at SS: Earnest Turner
Batting: RHB Jesús Hernández 0-0: Called Strike
0-1: Ball
1-1: SINGLE (Groundball, 25) (infield hit)
Batting: LHB Jon Scott 0-0: Ball
Wild Pitch!
Jesús Hernández to second
1-0: SINGLE (Line Drive, 56D)
Jesús Hernández to third
Batting: RHB Dan Hooper 0-0: Ball
1-0: Fly out, F4 (Popup, 4M)
Batting: LHB Enrique Valentín 0-0: Called Strike
0-1: Ball
1-1: Ball
2-1: Foul Ball, location: 2F
2-2: SINGLE (Groundball, 3S) (infield hit)
Jesús Hernández scores
Jon Scott to second
Batting: RHB Juan Carlos 0-0: Ball
1-0: Ball
2-0: Ball
3-0: Called Strike
3-1: Swinging Strike
3-2: Foul Ball, location: 2F
3-2: Strikes out swinging
Batting: RHB Greg King 0-0: Called Strike
0-1: Ball
1-1: Ball
2-1: Fly out, F8 (Flyball, 8LS)
Top of the 9th over - 1 run(s), 3 hit(s), 0 error(s), 2 left on base; Jasper 1 - Colorado 1
BOTTOM OF THE 9TH
Colorado Commanders batting - Pitching for Jasper Cougars : RHP Aaron Green
Batting: SHB António Hernández 0-0: Ball
1-0: Ball
2-0: Ball
3-0: Base on Balls
Batting: RHB Wallace Greene 0-0: Foul Ball, location: 2F
0-1: Ball
1-1: Foul Ball, location: 2F
1-2: Ball
2-2: Ball
António Hernández is caught stealing 2nd base
3-2: Foul Ball, location: 2F
3-2: Foul Ball, location: 2F
3-2: Base on Balls
Batting: RHB Emílio Bruno 0-0: Ball
1-0: Foul Ball, location: 2F
1-1: Called Strike
1-2: Foul Ball, location: 2F
1-2: Strikes out swinging
Batting: RHB Joe Haley 0-0: Ball
1-0: Swinging Strike
1-1: Foul Ball, location: 2F
1-2: Strikes out swinging
Bottom of the 9th over - 0 run(s), 0 hit(s), 0 error(s), 1 left on base; Jasper 1 - Colorado 1
TOP OF THE 10TH
Jasper Cougars batting - Pitching for Colorado Commanders : RHP Jonathan Long
Batting: RHB Dave Parker 0-0: Called Strike
0-1: Foul Ball, location: 2F
0-2: Ball
1-2: Foul Ball, location: 2F
1-2: Fly out, F5 (Popup, 56S)
Batting: RHB Manuel Pérez 0-0: Called Strike
0-1: Ground out 6-3 (Groundball, 6)
Batting: RHB Earl Wiggins 0-0: Called Strike
0-1: SINGLE (Groundball, 4M)
Batting: RHB Jesús Hernández 0-0: Ball
1-0: Foul Ball, location: 2F
Single, Error in OF, E9, batter to second base
Earl Wiggins to third
Batting: LHB Jon Scott 0-0: Ball
1-0: Called Strike
1-1: Ball
2-1: Foul Ball, location: 2F
2-2: Strikes out swinging
Top of the 10th over - 0 run(s), 2 hit(s), 1 error(s), 2 left on base; Jasper 1 - Colorado 1
BOTTOM OF THE 10TH
Colorado Commanders batting - Pitching for Jasper Cougars : RHP Aaron Green
Batting: RHB Richard Wilkins 0-0: Called Strike
0-1: Foul Ball, location: 2F
0-2: Ball
1-2: Strikes out swinging
Batting: SHB Scott Compton 0-0: Called Strike
0-1: Hit by Pitch
Pinch Runner at 1st Emiel van Rhee:
Pinch Hitting: SHB George Adams 0-0: Called Strike
0-1: Foul Ball, location: 2F
0-2: Strikes out swinging
Emiel van Rhee steals 2nd base
Batter strikes out.
Batting: LHB Rafael Delgado 0-0: Ball
1-0: Called Strike
1-1: Called Strike
1-2: Ball
2-2: SINGLE (Line Drive, 4M)
Emiel van Rhee to third
Runner from 3rd tries for Home, SAFE, no throw or cutoff
This league is powered by Out of the Park Baseball, the baseball management simulation game for PC, Mac and Linux
Wednesday, December 2nd, 2015 - OOTP Baseball 16.8 Build 38